 Dungeon Crawl Stone Soup version 0.30.0-19-g36f170ea60 (webtiles) character file.

Game seed: 5568142785448097715

5660 Bamboolord the Artisan of Death (level 10, -12/76 HPs)
             Began as a Demonspawn Necromancer on May 29, 2023.
             Was a Priest of Kikubaaqudgha.
             Mangled by Grum
             ... wielding a -2 halberd
              (33 damage)
             ... on level 8 of the Dungeon.
             The game lasted 00:20:39 (9593 turns).

Bamboolord the Artisan of Death (DsNe)              Turns: 9593, Time: 00:20:40

Health: -12/76     AC:  5    Str:  9    XL:     10   Next: 46%
Magic:  10/22      EV: 14    Int: 32    God:    Kikubaaqudgha [***...]
Gold:   516        SH:  0    Dex: 14    Spells: 4/26 levels left

rFire   . . .        (no weapon)
rCold   . . .        l - orb {light}
rNeg    . . .        a - +0 robe
rPois   .            E - +0 helmet
rElec   .            m - +0 cloak
rCorr   .            (no gloves)
SInv    .            i - +0 pair of boots
Will    .....        (no amulet)
Stlth   +            c - +6 ring of intelligence
HPRegen 0.32/turn    k - +6 ring of intelligence
MPRegen 0.18/turn

%: no passive effects
@: glowing
A: claws 2, spiny 1, demonic magic 1
a: Renounce Religion, Unearth Wretches


You were on level 8 of the Dungeon.
You worshipped Kikubaaqudgha.
Kikubaaqudgha was most pleased with you.
You visited 2 branches of the dungeon, and saw 9 of its levels.

You collected 516 gold pieces.

Inventory:

Hand Weapons
 G - a +4 scimitar of flaming
Armour
 a - a +0 robe (worn)
 i - a +0 pair of boots (worn)
 l - an orb of light (worn)
 m - a +0 cloak (worn)
 s - a +2 pair of gloves
 E - a +0 helmet (worn)
Jewellery
 c - a +6 ring of intelligence (left claw)
 k - a +6 ring of intelligence (right claw)
 r - a ring of flight
 t - a ring of fire
 B - a +6 ring of dexterity
 H - a ring of magical power
Wands
 D - a wand of mindburst (16)
 I - a wand of flame (23)
Scrolls
 d - a scroll of blinking
 g - 3 scrolls of fog
 j - 2 scrolls of enchant weapon
 o - 2 scrolls of teleportation
 p - a scroll of silence {unknown}
 q - 2 scrolls of magic mapping
 u - 6 scrolls of vulnerability
 v - 2 scrolls of enchant armour {unknown}
 w - a scroll of amnesia {unknown}
 y - a scroll of noise {unknown}
 A - 3 scrolls of poison
 F - a scroll of immolation {unknown}
Potions
 b - 4 potions of mutation
 e - 2 potions of degeneration
 f - a potion of invisibility
 h - 4 potions of heal wounds
 n - a potion of brilliance
 x - 3 potions of might
 z - 2 potions of magic
 C - 3 potions of curing


   Skills:
 * Level 5.6 Fighting
 * Level 4.8 Dodging
 + Level 4.1 Stealth
 * Level 8.8 Spellcasting
 * Level 2.5 Hexes
 * Level 10.7 Necromancy


You had 4 spell levels left.
You knew the following spells:

 Your Spells              Type           Power      Damage    Failure   Level
a - Necrotise             Necr           100%       1d9       1%          1
b - Vampiric Draining     Necr           70%        2d11      1%          3
c - Dispel Undead         Necr           70%        3d24      1%          4
d - Animate Dead          Necr           70%        N/A       1%          4
e - Agony                 Necr           70%        N/A       1%          5
f - Sublimation of Blood  Necr           70%        N/A       1%          2
g - Confusing Touch       Hex            30%        N/A       3%          3

Your spell library contained the following spells:

 Spells                   Type           Power      Damage    Failure   Level
 Kiss of Death            Conj/Necr      100%       2d13      1%          1
 Cigotuvi's Dreadful Rot  Necr/Pois/Air  74%        N/A       1%          2
 Anguish                  Hex/Necr       27%        N/A       2%          4
 Scorch                   Fire           28%        2d6       5%          2
 Flame Wave               Conj/Fire      14%        2d6       34%         4
 Death Channel            Necr           35%        N/A       6%          6
 Simulacrum               Ice/Necr       24%        N/A       50%         6
 Summon Cactus Giant      Summ           7%         N/A       99%         6


Dungeon Overview and Level Annotations

Branches:
Dungeon (8/15)             Temple (1/1) D:5
   Lair: D:8-11

Altars:
Ashenzari
Cheibriados
Dithmenos
Fedhas
Gozag
Hepliaklqana
Kikubaaqudgha
Makhleb
Nemelex Xobeh
Okawaru
Qazlal
Ru
Sif Muna
Uskayaw
Vehumet
Wu Jian
Xom
Yredelemnul

Annotations:
D:8 Grum


Innate Abilities, Weirdness & Mutations

You have very sharp fingernails.
You are partially covered in sharp spines.
Spells you cast may paralyse adjacent enemies.


Message History

You kill the wolf!
Kikubaaqudgha accepts your kill.
You feel life coursing into your body. Malevolent energies surge around you.
The wolf suddenly stops moving!
The wolf bites you. x2
The wolf is struck by your spines. The wolf bites you but does no damage.
Grum drinks a potion.
Grum goes berserk!
Casting: Vampiric Draining (safe; 1% risk of failure)
Confirm with . or Enter, or press ? or * to list all spells.
Aiming: Vampiric Draining (safe; 1% risk of failure)
Press: ? - help, Shift-Dir - straight line, f - wolf
Aim: a wolf (haloed)
You draw life force from the wolf!
You feel life coursing into your body. Malevolent energies surge around you.
The wolf suddenly stops moving!
The wolf is struck by your spines. The wolf barely misses you.
Grum closely misses you.
Your yak zombie gores the wolf.
The wolf dies!
Kikubaaqudgha accepts your kill. The wolf is struck by your spines.
You kill the wolf!
Kikubaaqudgha accepts your kill.
Casting: Vampiric Draining (safe; 1% risk of failure)
Confirm with . or Enter, or press ? or * to list all spells.
Aiming: Vampiric Draining (safe; 1% risk of failure)
Press: ? - help, Shift-Dir - straight line, f/p - wolf
Aim: a wolf (heavily wounded, paralysed, ally target, haloed)
You draw life force from the wolf!
You feel life coursing into your body. Malevolent energies surge around you.
Grum hits you from afar with a -2 halberd!!
Grum hits you from afar with a -2 halberd!
* * * LOW HITPOINT WARNING * * *
Casting: Vampiric Draining (safe; 1% risk of failure)
Confirm with . or Enter, or press ? or * to list all spells.
Aiming: Vampiric Draining (safe; 1% risk of failure)
Press: ? - help, Shift-Dir - straight line, f/p - wolf
Aim: a wolf (severely wounded, paralysed, ally target, haloed)
You draw life force from the wolf!
You feel life coursing into your body. Malevolent energies surge around you.
Grum hits you from afar with a -2 halberd!!
You die...
Kikubaaqudgha rasps: "You have failed me!
Welcome... death!"

.. ##.## #### #....# #..
.....# #### #.. .....#
..#######'## .g...#
#..........##h....#
#####..........#@Z....+
................Z.....#
................#.......
........#####...#.......
..........###..##.....##
.......##..Z.>## #......
.......######## ######
..)....# )).....#


You could see Grum (berserk), a wolf (paralysed, ally target) and 2 friendly yak
zombies.

Vanquished Creatures
  A cyclops (D:7)
  A polar bear (D:8)
  Sigmund (D:6)
  5 yaks (D:8)
  A steam dragon (D:7)
  Edmund (D:5)
  Menkaure (D:5)
  An acid dragon (D:7)
  The ghost of Gravitas the Firebug, an amateur GrFE (D:3)
  2 ice beasts
  A sky beast (D:7)
  A black bear (D:6)
  2 ogres
  4 wolves (D:8)
  2 kobold brigands (D:6)
  3 phantoms
  3 bullfrogs
  3 scorpions
  5 hounds
  2 jellies
  Crazy Yiuf (D:5)
  5 iguanas
  3 orc wizards
  11 gnolls
  10 adders
  A shadow imp (D:7)
  A white imp (D:7)
  3 ufetubi (D:8)
  A worm (D:3)
  3 dart slugs
  15 orcs
  6 endoplasms
  3 giant cockroaches
  5 goblins
  6 hobgoblins
  6 jackals
  2 quokkas
  12 ball pythons
  7 bats
  7 frilled lizards
  14 kobolds
  5 rats
168 creatures vanquished.

Vanquished Creatures (collateral kills)
  Erica (D:8)
  3 yaks (D:8)
  2 wolves (D:8)
  A howler monkey (D:8)
  An electric eel (D:8)
  2 gnolls (D:8)
  2 white imps
  A dart slug (D:5)
  An orc (D:7)
  A ball python (D:1)
  An endoplasm (D:1)
  A giant cockroach (D:2)
  2 goblins
  A hobgoblin (D:6)
  A frilled lizard (D:1)
  A kobold (D:6)
22 creatures vanquished.

Vanquished Creatures (others)
  An adder zombie (D:4)
  A quokka zombie (D:4)
2 creatures vanquished.

Grand Total: 192 creatures vanquished

Notes
Turn   | Place    | Note
-------+----------+-------------------------------------------
     0 | D:1      | Bamboolord the Demonspawn Necromancer began the quest for
                  | the Orb.
     0 | D:1      | Reached XP level 1. HP: 13/13 MP: 3/3
   153 | D:1      | Found Efanesm's Antique Armour Boutique.
   241 | D:1      | Gained mutation: You have sharp fingernails. [demonic
                  | ancestry]
   241 | D:1      | Reached XP level 2. HP: 19/19 MP: 0/5
   605 | D:1      | Reached skill level 5 in Necromancy
   674 | D:1      | Reached XP level 3. HP: 21/25 MP: 3/6
  1036 | D:2      | Reached skill level 1 in Fighting
  1412 | D:3      | Learned a level 3 spell: Vampiric Draining
  1559 | D:2      | Reached XP level 4. HP: 9/32 MP: 3/7
  1816 | D:2      | Noticed a phantom
  1947 | D:3      | Learned a level 4 spell: Dispel Undead
  2452 | D:2      | Identified the +8 whip "Gyshreh" {freeze, Dex+2}
  2856 | D:2      | Killed a phantom
  2857 | D:2      | Gained mutation: You have very sharp fingernails. [demonic
                  | ancestry]
  2857 | D:2      | Reached XP level 5. HP: 37/37 MP: 4/9
  3162 | D:3      | You fall into a shaft and drop 3 floors!
  3171 | D:6      | Noticed an ogre
  3178 | D:6      | Killed an ogre
  3179 | D:6      | Reached skill level 6 in Necromancy
  3179 | D:6      | Reached XP level 6. HP: 44/44 MP: 3/11
  3628 | D:6      | Learned a level 4 spell: Animate Dead
  3687 | D:6      | Noticed Sigmund
  3693 | D:6      | Killed Sigmund
  3694 | D:6      | Gained mutation: Spells you cast may paralyse adjacent
                  | enemies. [demonic ancestry]
  3694 | D:6      | Reached XP level 7. HP: 51/51 MP: 7/14
  3699 | D:5      | Entered Level 5 of the Dungeon
  3701 | D:5      | Found a staircase to the Ecumenical Temple.
  3711 | Temple   | Entered the Ecumenical Temple
  3726 | Temple   | Reached skill level 7 in Necromancy
  3916 | Temple   | Became a worshipper of Kikubaaqudgha
  4198 | D:4      | Reached skill level 5 in Spellcasting
  4285 | D:4      | Found a shadowy altar of Dithmenos.
  4403 | D:3      | Found a runed translucent door.
  4404 | D:3      | Noticed Gravitas's ghost (amateur GrFE)
  4437 | D:3      | Killed Gravitas's ghost
  4566 | D:3      | Reached * piety under Kikubaaqudgha
  4566 | D:3      | Received a gift from Kikubaaqudgha
  5449 | D:4      | Reached XP level 8. HP: 58/58 MP: 11/16
  5597 | D:5      | Found a runed translucent door.
  5598 | D:5      | Noticed Crazy Yiuf
  5669 | D:5      | Killed Crazy Yiuf
  5745 | D:5      | Noticed Edmund
  5750 | D:5      | Noticed Menkaure
  5754 | D:5      | Killed Edmund
  5757 | D:5      | Killed Menkaure
  5899 | D:5      | Reached skill level 8 in Necromancy
  6067 | D:5      | Learned a level 5 spell: Agony
  6070 | D:5      | Learned a level 2 spell: Sublimation of Blood
  6235 | D:5      | Found a basalt altar of Yredelemnul.
  6410 | D:6      | Reached ** piety under Kikubaaqudgha
  6711 | D:6      | Reached XP level 9. HP: 66/66 MP: 12/19
  7546 | D:7      | Reached skill level 9 in Necromancy
  7599 | D:7      | Noticed a cyclops
  7838 | D:7      | Killed a cyclops
  8046 | D:7      | Reached skill level 5 in Fighting
  8050 | D:7      | Learned a level 3 spell: Confusing Touch
  8753 | D:8      | Reached skill level 1 in Hexes
  8762 | D:8      | Reached skill level 10 in Necromancy
  8952 | D:8      | Noticed Erica
  8958 | D:8      | Gained mutation: You are partially covered in sharp spines.
                  | [demonic ancestry]
  8958 | D:8      | Reached XP level 10. HP: 67/74 MP: 12/22
  8960 | D:8      | Killed Erica
  9098 | D:8      | Reached *** piety under Kikubaaqudgha
  9098 | D:8      | Received a gift from Kikubaaqudgha
  9585 | D:8      | Noticed Grum
  9593 | D:8      | Mangled by Grum

Illustrated notes

Levels and vault maps discovered:
D:1:      minmay_arrival_loop, layout_basic, serial_shops, shop,
          minmay_lizard_king
D:2:      minmay_spotlight, layout_basic, serial_co_window_serial,
          co_window_corner_a, co_window_paths_a, co_window_paths_b,
          co_window_of_opportunity_a, co_window_paths_a, co_window_cross_1,
          co_window_corner_cb, co_window_cross_3, co_window_corner_ca,
          co_window_corner_b, kennysheep_generic_room_3
D:3:      layout_loops_ring, lemuel_round_altar, gammafunk_ghost_grave,
          serial_park_tiny_2, minmay_misc_feat_iff
D:4:      layout_loops_ring, grunt_dithmenos_smoke
D:5:      layout_basic, mainiacjoe_overflow_alcove_4,
          minmay_temple_entry_slanted, uniq_crazy_yiuf_cottage, uniq_edmund,
          uniq_menkaure
D:6:      cheibrodos_thug_alley, layout_gridville, chequers_decorated_corner,
          kennysheep_generic_room_15, uniq_sigmund
D:7:      layout_gridville, kennysheep_generic_room_14
D:8:      layout_basic, serial_ice, serial_ice_m, serial_ice_k, serial_ice_c,
          serial_ice_a, serial_shops, nicolae_shop_real_fake_doors, uniq_erica,
          uniq_grum
Temple:   mainiacjoe_temple_bowtie_tessellation

Skill      XL: |  1  2  3  4  5  6  7  8  9 10 |
---------------+-------------------------------+-----
Dodging        | 2 3 4 |  4.8
Necromancy     | 5 6 7 8 10 | 10.7
Fighting       | 1 2 3 4 5 |  5.6
Spellcasting   | 3 4 5 6 8 |  8.8
Stealth        | 2 3 4 |  4.1
Hexes          | 1 2 |  2.5

Action                     |  1- 3 |  4- 6 |  7- 9 | 10-12 || total
---------------------------+-------+-------+-------+-------++-------
  Melee: Unarmed           |    15 |    13 |    96 |    32 ||   156
   Cast: Necrotise         |    63 |    63 |   149 |       ||   275
         Vampiric Draining |     3 |     1 |    48 |    14 ||    66
         Dispel Undead     |       |     1 |     4 |       ||     5
         Animate Dead      |       |       |     4 |       ||     4
         Agony             |       |       |     3 |     1 ||     4
         Confusing Touch   |       |       |     1 |       ||     1
    Use: Scroll            |     3 |     4 |     6 |       ||    13
         Potion            |     2 |       |     1 |     1 ||     4
   Stab: Distracted        |       |     1 |       |       ||     1
         Paralysed         |       |       |    34 |     6 ||    40
 Armour: Robe              |     2 |    14 |    32 |    10 ||    58
  Dodge: Dodged            |    31 |    36 |   126 |    32 ||   225
